 Dungeon Sprint DCSS version 0.21.1-1-g345015f (webtiles) character file.

16400000 doot the Conqueror (level 27, -159/273 HPs)
             Began as a Ghoul Warper on May 1, 2018.
             Was the Champion of Makhleb.
             Annihilated by a fleshlord
             ... wielding a +9 great mace
              (320 damage)
             ... in the Dungeon (Sprint VIII: "Arena of Blood").
             The game lasted 00:09:35 (164 turns).

doot the Conqueror (Ghoul Warper)                    Turns: 164, Time: 00:09:36

Health: -159/273   AC:  6    Str: 19    XL:     27
Magic:  43/53      EV: 32    Int:  8    God:    Makhleb [******]
Gold:   0          SH:  0    Dex: 17    Spells: 80/80 levels left

rFire    . . .     SeeInvis .   k - +∞ Axe of Woe
rCold    + . .     Gourm    .   (shield currently unavailable)
rNeg     + + +     Faith    .   a - +0 leather armour
rPois    ∞         Spirit   .   (no helmet)
rElec    .         Reflect  .   (no cloak)
rCorr    .         Harm     .   (no gloves)
MR       ++...     NoTele   +   (no boots)
Stlth    +++.......             (no amulet)
HPRegen  0.00/turn              (no ring)
MPRegen  0.33/turn              (no ring)

@: marked, rotting, hasted and slowed
A: rotting body, claws 1, carnivore, cold resistance 1, negative energy
resistance 3, inhibited regeneration, torment resistance, unbreathing
0: Orb of Zot
a: Minor Destruction, Lesser Servant of Makhleb, Major Destruction, Greater
Servant of Makhleb, Renounce Religion


You were in the Dungeon.
You worshipped Makhleb.
Makhleb was exalted by your worship.
You were not hungry.

You visited 1 branch

Inventory:

Hand Weapons
 k - the +∞ Axe of Woe (weapon)
   (You found it in the Dungeon)
Missiles
 d - 5 tomahawks of dispersal (quivered)
Armour
 a - a +0 leather armour (worn)
Scrolls
 c - 2 scrolls of blinking
Potions
 e - a potion of curing
 g - a potion of heal wounds
 i - 2 potions of magic
 j - a potion of berserk rage
Books
 b - a book of Spatial Translocations

   Spells                             Type                      Level
   a - Blink                          Translocation                2
   b - Shroud of Golubria             Charms/Translocation         2
   c - Lesser Beckoning               Translocation                3
   d - Gell's Gravitas                Translocation                3
   e - Teleport Other                 Translocation                3
   f - Passage of Golubria            Translocation                4
Comestibles
 f - a ration


   Skills:
 O Level 27 Fighting
 O Level 27 Axes
 O Level 27 Throwing
 O Level 27 Armour
 O Level 27 Dodging
 O Level 27 Stealth
 O Level 27 Unarmed Combat
 O Level 27 Spellcasting
   Level 2.6 Translocations
 O Level 27 Invocations


You had 80 spell levels left.
You didn't know any spells.

Dungeon Overview and Level Annotations

Branches:
Dungeon (1/1)

Altars:
Makhleb


Innate Abilities, Weirdness & Mutations

Your body is rotting away.
You thrive on raw meat.
You are immune to poison.
You have sharp fingernails.
You are carnivorous and can eat meat at any time.
Your flesh is cold resistant. (rC+)
You are immune to negative energy. (rN+++)
You do not regenerate when monsters are visible.
You are immune to unholy pain and torment.
You can survive without breathing.


Message History

Something smites you!
You hear a shout!
The fleshlord moves out of view.
You hear a shout! x2
The accursed gestures at you while chanting.
Something smites you!
A sea snake, 3 orcs, a hell knight and a profane servitor come into view.
Unknown command.
Unknown command.
Unknown command.
An orc, a two-headed ogre, a hell beast and 2 wraiths come into view.
The meat beast bites you! The meat beast completely misses you.
The meat berserker hits you with a +9 battleaxe!!!!
You hear a shout!
Some corpses begin to drag themselves along the ground!
Some corpses meld into an agglomeration of writhing flesh!
The meat berserker rages.
The fleshlord hits you with a +9 great mace!!!!!!
Ouch! That really hurt!
You die... ......
O. ...o. #2. ..o.# #.p .o.# M.
O###%. .oW###{..
W{M%.O###...oW{.M ..p.oS_)Oo2o.... . #ppx)2#

. ... #_S@O_# ...
.....#.)Ox)#.2X.D
...o...){x)21oo{o.
...O.oS###VOM.%oo.
.O###.. .z.###L{.
#.. .z.# .% #..
....# ... ..A..
.....z.....


You could see 2 accurseds, a Brimstone Fiend, 3 meat beasts, a tyrant, a reaper,
a destroyer, 3 scourges, 4 fleshlords, 2 sculptors of flesh, 2 large bags of
meat, 3 dreads, 7 meat berserkers, a small abomination, 11 bags of meat and 2
crawling corpses.

Vanquished Creatures
  Dispater (D)
  9 hell knights (D)
  Sigmund (D)
  14 hell beasts (D)
  9 greater mummies (D)
  5 great orbs of eyes (D)
  9 wraiths (D)
  Harold (D)
  17 vampire knights (D)
  37 ogres (D)
  11 two-headed ogres (D)
  2 liches (D)
  8 hydras (D)
  73 orcs (D)
  5 phantoms (D)
  5 skeletal warriors (D)
  4 sea snakes (D)
  13 large abominations (D)
  3 small abominations (D)
  2 crawling corpses (D)
229 creatures vanquished.

Vanquished Creatures (others)
  A greater mummy (D)
  3 crawling corpses (D)
4 creatures vanquished.

Grand Total: 233 creatures vanquished

Notes
Turn   | Place    | Note
-------+----------+-------------------------------------------
     0 | D        | Found the +∞ Axe of Woe
     0 | D        | doot the Ghoul Warper began the quest for the Orb.
     0 | D        | Reached XP level 1. HP: 17/17 MP: 2/2
     3 | D        | Noticed a bag of meat
     4 | D        | Noticed a bag of meat
     4 | D        | Became a worshipper of Makhleb the Destroyer
     6 | D        | Noticed a meat berserker
     8 | D        | Noticed a bag of meat
     8 | D        | Noticed a meat berserker
     9 | D        | Noticed a meat berserker
     9 | D        | Killed a bag of meat
     9 | D        | Reached XP level 2. HP: 47/47 MP: 2/15
     9 | D        | Reached XP level 3. HP: 53/53 MP: 2/17
     9 | D        | Reached XP level 4. HP: 61/61 MP: 2/18
     9 | D        | Reached XP level 5. HP: 68/68 MP: 2/20
     9 | D        | Reached XP level 6. HP: 75/75 MP: 2/21
     9 | D        | Reached XP level 7. HP: 82/82 MP: 2/23
     9 | D        | Reached XP level 8. HP: 90/90 MP: 2/24
     9 | D        | Reached XP level 9. HP: 96/96 MP: 2/25
     9 | D        | Reached XP level 10. HP: 104/104 MP: 2/26
     9 | D        | Reached XP level 11. HP: 111/111 MP: 2/27
     9 | D        | Reached XP level 12. HP: 118/118 MP: 2/28
    10 | D        | Noticed a meat berserker
    10 | D        | Killed a meat berserker
    10 | D        | Reached * piety under Makhleb
    10 | D        | Reached skill level 15 in Dodging
    10 | D        | Reached XP level 13. HP: 26/134 MP: 2/33
    10 | D        | Reached XP level 14. HP: 27/141 MP: 2/34
    10 | D        | Killed a meat berserker
    10 | D        | Reached XP level 15. HP: 30/155 MP: 2/37
    10 | D        | Reached skill level 10 in Axes
    11 | D        | Killed a meat berserker
    11 | D        | Reached ** piety under Makhleb
    11 | D        | Reached XP level 16. HP: 95/169 MP: 2/40
    11 | D        | Killed a meat berserker
    11 | D        | Reached XP level 17. HP: 180/180 MP: 2/42
    12 | D        | Reached skill level 15 in Axes
    12 | D        | Reached skill level 10 in Armour
    13 | D        | Noticed a meat berserker
    16 | D        | Noticed a meat berserker
    17 | D        | Noticed a meat berserker
    17 | D        | Reached *** piety under Makhleb
    18 | D        | Reached skill level 10 in Throwing
    18 | D        | Reached XP level 18. HP: 140/192 MP: 5/44
    18 | D        | Killed a meat berserker
    19 | D        | Noticed a large bag of meat
    19 | D        | Noticed a large bag of meat
    20 | D        | Killed a meat berserker
    20 | D        | Reached **** piety under Makhleb
    20 | D        | Reached XP level 19. HP: 206/206 MP: 5/47
    21 | D        | Noticed a large bag of meat
    21 | D        | Noticed a meat berserker
    22 | D        | Noticed a meat berserker
    22 | D        | Killed a large bag of meat
    22 | D        | Reached skill level 27 in Fighting
    22 | D        | Reached skill level 27 in Unarmed Combat
    23 | D        | Noticed a meat berserker
    23 | D        | Killed a large bag of meat
    23 | D        | Reached skill level 27 in Spellcasting
    23 | D        | Killed a meat berserker
    23 | D        | Reached ***** piety under Makhleb
    23 | D        | Reached XP level 20. HP: 216/216 MP: 6/50
    23 | D        | Killed a large bag of meat
    23 | D        | Reached skill level 27 in Axes
    23 | D        | Reached skill level 27 in Dodging
    24 | D        | Noticed a meat berserker
    25 | D        | Noticed a large bag of meat
    26 | D        | Killed a meat berserker
    26 | D        | Reached XP level 21. HP: 208/224 MP: 7/51
    27 | D        | Noticed a meat berserker
    28 | D        | Killed a meat berserker
    28 | D        | Reached skill level 27 in Throwing
    28 | D        | Reached XP level 22. HP: 66/233 MP: 8/52
    28 | D        | Reached ****** piety under Makhleb
    28 | D        | Reached skill level 27 in Armour
    29 | D        | Killed a large bag of meat
    29 | D        | Reached XP level 23. HP: 173/240 MP: 8/53
    31 | D        | Noticed The Servant
    32 | D        | Reached skill level 27 in Stealth
    33 | D        | Reached skill level 27 in Invocations
    34 | D        | Noticed a large bag of meat
    36 | D        | Reached XP level 24. HP: 249/249 MP: 10/53
    37 | D        | Noticed a large bag of meat
    38 | D        | Noticed a destroyer
    39 | D        | Noticed a destroyer
    39 | D        | Reached XP level 25. HP: 254/257 MP: 10/53
    39 | D        | Killed a destroyer
    41 | D        | Noticed a destroyer
    41 | D        | Reached XP level 26. HP: 178/266 MP: 11/53
    43 | D        | Noticed a destroyer
    44 | D        | Reached XP level 27. HP: 273/273 MP: 12/53
    45 | D        | Noticed a destroyer
    45 | D        | Noticed a destroyer
    46 | D        | Killed The Servant
    47 | D        | Killed a destroyer
    48 | D        | Killed a destroyer
    48 | D        | Killed a large bag of meat
    49 | D        | Killed a destroyer
    50 | D        | Noticed a destroyer
    51 | D        | Noticed an accursed
    51 | D        | Noticed a destroyer
    51 | D        | Killed a destroyer
    53 | D        | Noticed a destroyer
    54 | D        | Noticed an accursed
    54 | D        | Killed a destroyer
    55 | D        | Noticed a destroyer
    56 | D        | Noticed an accursed
    56 | D        | Killed a large bag of meat
    56 | D        | Killed a destroyer
    56 | D        | Killed an accursed
    57 | D        | Noticed a tyrant
    57 | D        | Noticed a large bag of meat
    57 | D        | Killed a destroyer
    60 | D        | Noticed an accursed
    61 | D        | Noticed a destroyer
    61 | D        | Killed a destroyer
    64 | D        | Noticed a destroyer
    64 | D        | Noticed a meat beast
    64 | D        | Noticed an accursed
    64 | D        | Killed a destroyer
    65 | D        | Noticed a destroyer
    65 | D        | Killed a destroyer
    67 | D        | Noticed a meat beast
    67 | D        | Killed a destroyer
    69 | D        | Noticed a destroyer
    69 | D        | Noticed a large bag of meat
    70 | D        | Killed a large bag of meat
    71 | D        | Noticed a meat beast
    71 | D        | Noticed a meat beast
    71 | D        | Killed an accursed
    72 | D        | Killed a meat beast
    72 | D        | Killed a meat beast
    75 | D        | Killed a meat beast
    76 | D        | Killed an accursed
    77 | D        | Killed a destroyer
    79 | D        | Killed an accursed
    84 | D        | Killed a large bag of meat
    86 | D        | Noticed a tyrant
    86 | D        | Killed a destroyer
    86 | D        | Killed an accursed
    89 | D        | Killed a tyrant
    89 | D        | Noticed a meat beast
    91 | D        | Noticed a meat beast
    91 | D        | Noticed an accursed
    91 | D        | Noticed a dread
    92 | D        | Noticed a large bag of meat
    93 | D        | Killed a dread
    95 | D        | Noticed a destroyer
    95 | D        | Killed a meat beast
    97 | D        | Killed a meat beast
    98 | D        | Noticed an accursed
   103 | D        | Killed a destroyer
   107 | D        | Killed an accursed
   108 | D        | Killed a large bag of meat
   109 | D        | Noticed a large bag of meat
   110 | D        | Killed a tyrant
   115 | D        | Noticed a large bag of meat
   115 | D        | Killed an accursed
   116 | D        | Noticed a meat beast
   117 | D        | Killed a large bag of meat
   118 | D        | Noticed a meat beast
   118 | D        | Noticed a destroyer
   119 | D        | Noticed a fleshlord
   119 | D        | Killed a meat beast
   121 | D        | Noticed an accursed
   121 | D        | Killed a meat beast
   122 | D        | Killed a large bag of meat
   123 | D        | Killed a fleshlord
   123 | D        | Killed a destroyer
   124 | D        | Noticed an accursed
   126 | D        | Noticed a fleshlord
   128 | D        | Noticed a dread
   129 | D        | Noticed an accursed
   129 | D        | Noticed a meat beast
   130 | D        | Noticed a fleshlord
   131 | D        | Noticed a dread
   132 | D        | Noticed an accursed
   132 | D        | Noticed a meat beast
   134 | D        | Killed a fleshlord
   134 | D        | Killed a dread
   135 | D        | Killed a meat beast
   136 | D        | Noticed a meat beast
   137 | D        | Killed an accursed
   138 | D        | Killed a meat beast
   139 | D        | Noticed a fleshlord
   140 | D        | Killed a fleshlord
   142 | D        | Killed a fleshlord
   142 | D        | Killed a meat beast
   144 | D        | Noticed a dread
   144 | D        | Noticed a fleshlord
   144 | D        | Noticed a meat beast
   145 | D        | Noticed a dread
   145 | D        | Noticed a dread
   145 | D        | Killed a meat beast
   146 | D        | Noticed The Captor
   147 | D        | Noticed a dread
   147 | D        | Noticed a fleshlord
   148 | D        | Noticed a dread
   149 | D        | Noticed a fleshlord
   149 | D        | Killed an accursed
   150 | D        | Noticed a destroyer
   150 | D        | Killed a dread
   151 | D        | Noticed a dread
   151 | D        | Noticed The Meatlord
   151 | D        | Killed The Meatlord
   151 | D        | Killed a dread
   152 | D        | Noticed a fleshlord
   152 | D        | Killed a fleshlord
   154 | D        | Got the Orb of Zot
   155 | D        | Noticed a destroyer
   156 | D        | Noticed a meat beast
   156 | D        | Noticed an accursed
   156 | D        | Killed a dread
   156 | D        | Killed a dread
   156 | D        | Killed a dread
   157 | D        | Noticed a fleshlord
   157 | D        | Killed a fleshlord
   157 | D        | Killed a destroyer
   158 | D        | Noticed a fleshlord
   158 | D        | Noticed a large bag of meat
   158 | D        | Noticed a fleshlord
   158 | D        | Killed a fleshlord
   158 | D        | Killed an accursed
   158 | D        | Killed The Captor
   158 | D        | Killed a dread
   159 | D        | Noticed an accursed
   160 | D        | Noticed an accursed
   160 | D        | Noticed a meat beast
   160 | D        | Killed a meat beast
   161 | D        | Noticed a meat beast
   161 | D        | Noticed a dread
   161 | D        | Noticed a meat beast
   161 | D        | Killed a meat beast
   161 | D        | Killed a dread
   161 | D        | Killed a fleshlord
   162 | D        | Noticed a tyrant
   162 | D        | Noticed a fleshlord
   162 | D        | Killed a meat beast
   163 | D        | Killed a fleshlord
   164 | D        | Noticed a fleshlord
   164 | D        | Noticed a dread
   164 | D        | Noticed a large bag of meat
   164 | D        | Noticed a dread
   164 | D        | Noticed a meat beast
   164 | D        | Annihilated by a fleshlord

Skill      XL: |  1  2  3  4  5  6  7  8  9 10 11 12 13 14 15 16 17 18 19 20 21 22 23 |
---------------+----------------------------------------------------------------------+-----
Fighting       | 14 17 19 22 23 24 26 27 | 27.0
Axes           | 4 7 9 12 14 16 20 26 27 | 27.0
Throwing       | 4 6 7 8 9 10 11 13 22 27 | 27.0
Armour         | 4 6 7 9 10 11 13 20 25 27 | 27.0
Dodging        | 12 15 17 19 20 21 23 26 27 | 27.0
Unarmed Combat | 14 17 19 21 23 24 26 27 | 27.0
Spellcasting   | 13 17 19 21 22 23 25 27 | 27.0
Stealth        | 26 27 | 27.0
Invocations    | 24 27 | 27.0
Translocations | |  2.6

Action                   |  1- 3 |  4- 6 |  7- 9 | 10-12 | 13-15 | 16-18 | 19-21 | 22-24 | 25-27 || total
-------------------------+-------+-------+-------+-------+-------+-------+-------+-------+-------++-------
Melee: Executioner's axe |     1 |       |       |     1 |     1 |     4 |     5 |     8 |   100 ||   120
Invok: Greater Servant o |       |       |       |       |       |       |       |       |    11 ||    11
  Use: Potion            |       |       |       |       |       |       |       |       |     1 ||     1
 Stab: Distracted        |       |       |       |       |       |       |       |       |     2 ||     2
Armor: Leather armour    |       |       |       |       |       |       |       |       |     1 ||     1
Dodge: Dodged            |       |       |       |       |       |     1 |       |     1 |    17 ||    19
